 Dungeon Crawl Stone Soup version 0.20-a0-924-gfa95efa (webtiles) character file.

193 Rrauwl the Ducker (level 5, -1/41 HPs)
             Began as a Barachi Arcane Marksman on Mar 27, 2017.
             Slain by a river rat (6 damage)
             ... in a sewer.
             The game lasted 00:15:36 (3073 turns).

Rrauwl the Ducker (Barachi Arcane Marksman)         Turns: 3073, Time: 00:15:37

Health: -1/41      AC:  6    Str: 13    XL:     5   Next: 72%
Magic:  6/6        EV: 13    Int: 13    God:
Gold:   162        SH:  0    Dex: 12    Spells: 5/6 levels left

rFire    . . .     SeeInvis .   B - +0 falchion
rCold    . . .     Gourm    .   (no shield)
rNeg     . . .     Faith    .   b - +0 leather armour (curse)
rPois    .         Spirit   .   (no helmet)
rElec    .         Reflect  .   y - +1 cloak
rCorr    .         Harm     .   (no gloves)
MR       +....                  n - +0 pair of boots
Stlth    +.........             (no amulet)
Regen    0.2/turn               i - ring of protection from magic
MPRegen  0.1/turn               (no ring)

@: slow
A: +LOS, swims, slowness 1, strong legs 1
a: Hop


You were in a sewer.
You were not hungry.

You visited 1 branch of the dungeon, and saw 5 of its levels.
You also visited: Sewer.

You collected 162 gold pieces.

Inventory:

Hand Weapons
 a - a +0 shortbow
 B - a +0 falchion (weapon)
Missiles
 d - 13 arrows
Armour
 b - a cursed +0 leather armour (worn)
 n - a +0 pair of boots (worn)
 y - a +1 cloak (worn)
Jewellery
 i - a ring of protection from magic (left hand)
Wands
 w - a wand of paralysis (16/24)
Scrolls
 h - 3 scrolls of identify
 j - a scroll of amnesia
 k - a scroll of teleportation
 l - a scroll of fog {unknown}
 m - a scroll of remove curse {unknown}
 p - a scroll of recharging {unknown}
 v - a scroll of enchant weapon {unknown}
Potions
 e - a potion of brilliance {unknown}
 g - 3 potions of heal wounds {unknown}
 q - a potion of curing
 r - a potion of lignification {unknown}
 s - a potion of agility {unknown}
 u - 2 potions of mutation {unknown}
 x - 2 potions of berserk rage {unknown}
 z - 3 potions of haste {unknown}
Books
 c - a book of Debilitation

   Spells                             Type                      Level
   a - Corona                         Hexes                        1
   b - Slow                           Hexes                        2
   c - Inner Flame                    Hexes/Fire                   3
   d - Portal Projectile              Hexes/Translocation          3
   e - Cause Fear                     Hexes                        4
   f - Leda's Liquefaction            Hexes/Earth                  4
Comestibles
 f - 6 bread rations
 o - 3 royal jellies
 t - 6 chunks of flesh
 A - 8 fruits


   Skills:
 + Level 3.2 Fighting
 + Level 1.0 Long Blades
 + Level 3.1 Bows
 + Level 2.8 Armour
 + Level 3.3 Dodging
 - Level 1.1 Spellcasting
 - Level 3.2 Hexes
 - Level 1.0 Evocations


You had 5 spell levels left.
You knew the following spells:

 Your Spells              Type           Power        Failure   Level  Hunger
a - Corona                Hex            #......      12%         1    ##.....


Dungeon Overview and Level Annotations

Branches:
Dungeon (5/15)
 Temple: D:4-7

Altars:

Annotations:
D:5 Blork the orc


Innate Abilities, Weirdness & Mutations

Shadows flee at your approach. (+LOS)
You can swim through water.
You cover ground slowly.
You can hop short distances.


Message History

The rat bites you.
* * * LOW HITPOINT WARNING * * *
Okay, then.
The river rat misses you.
You riposte.
You hit the river rat but do no damage.
The river rat is lightly wounded.
The river rat bites you but does no damage.
You barely miss the river rat. The river rat completely misses you.
You hit the river rat.
The river rat is moderately wounded.
The river rat misses you.
You riposte.
You barely miss the river rat.
The river rat is moderately wounded.
The river rat bites you.
* * * LOW HITPOINT WARNING * * *
You barely miss the river rat.
The river rat is moderately wounded.
The river rat closely misses you.
You completely miss the river rat.
The river rat is moderately wounded.
The river rat bites you.
You die...

........##.....# ..
..............####.≈≈
.......≈..≈..##≈≈≈≈≈≈
≈.≈...≈.≈≈≈≈≈≈≈≈≈≈≈≈≈
≈≈≈≈≈≈≈≈≈≈≈rr†≈≈≈≈≈≈≈≈≈≈≈
≈≈≈≈≈≈≈≈≈≈≈≈†≈≈≈≈≈≈≈≈≈≈≈≈≈
≈≈≈≈≈.≈≈≈≈≈≈≈≈≈†≈≈≈≈≈≈≈≈≈≈
≈≈≈.≈.......≈r≈≈≈≈≈≈≈≈≈≈≈≈
≈≈.........≈≈@≈...≈..≈≈≈≈≈
................†...≈≈≈.≈
.........................
..............##.........
##.......#####.......
##..##...### ##...##
###..#####..∩# #### #∩..##
##### #####


You could see a river rat and 2 rats.

Vanquished Creatures
  A hound (D:4)
  A gnoll (D:4)
  4 adders (D:2)
  2 oozes
  An adder skeleton (D:4)
  2 worms
  2 dart slugs (D:2)
  A leopard gecko (D:1)
  3 orcs (D:3)
  3 giant cockroaches
  16 hobgoblins
  8 jackals
  2 quokkas
  6 ball pythons
  7 bats
  3 frilled lizards
  6 goblins
  12 kobolds
  13 rats
93 creatures vanquished.

Notes
Turn   | Place    | Note
-------+----------+-------------------------------------------
     0 | D:1      | Rrauwl the Barachi Arcane Marksman began the quest for the Orb.
     0 | D:1      | Reached XP level 1. HP: 15/15 MP: 2/2
   178 | D:1      | Reached XP level 2. HP: 21/21 MP: 3/3
   207 | D:1      | Reached skill level 1 in Armour
   627 | D:1      | Reached XP level 3. HP: 11/27 MP: 4/4
  1382 | D:2      | Reached XP level 4. HP: 28/34 MP: 5/5
  2288 | D:3      | Reached XP level 5. HP: 39/41 MP: 6/6
  2659 | D:4      | HP: 2/41 [gnoll (7)]
  2661 | D:5      | Entered Level 5 of the Dungeon
  2661 | D:5      | Noticed Blork the orc
  2977 | D:4      | Reached skill level 1 in Evocations
  2986 | D:4      | Found a glowing drain.
  3019 | Sewer    | Entered a sewer
  3039 | Sewer    | Reached skill level 1 in Long Blades
  3073 | Sewer    | Slain by a river rat

Vault maps used:
D:1:      scummos_arrival_star, minmay_stone_trees_small
D:2:      hangedman_decor_points
D:3:      corexii_shack_village, first_bread
D:4:      portal_sewer_entry_b, serial_shops, nicolae_shop_statue_plus
D:5:      minmay_temple_entry_trees, minmay_crystal_water, hex_tiny,
          nicolae_gozag_seed_capital, uniq_blork_the_orc
Sewer:    sewer_minmay_treatment

Skill      XL: |  1  2  3  4  5 |
---------------+----------------+-----
Armour         | 1 2 |  2.8
Fighting       | 2 3 |  3.2
Dodging        | 3 |  3.3
Bows           | 3 |  3.1
Evocations     | 1 |  1.0
Long Blades    | 1 |  1.0
Spellcasting   | |  1.1
Hexes          | |  3.2

Action                   |  1- 3 |  4- 6 || total
-------------------------+-------+-------++-------
Melee: Dagger            |    13 |    81 ||    94
       Falchion          |       |    70 ||    70
 Fire: Shortbow          |   112 |    88 ||   200
 Cast: Corona            |     1 |    19 ||    20
 Abil: Hop               |     1 |     1 ||     2
  Use: Scroll            |       |     3 ||     3
       Potion            |       |     1 ||     1
  Eat: Chunk             |     1 |     8 ||     9
Armor: Leather armour    |    14 |    62 ||    76
       Robe              |     1 |       ||     1
Dodge: Dodged            |    36 |   166 ||   202
       Rpst.: Falchion   |       |    28 ||    28
